A+ WEST
SPOKANE INDIANS @ TRI-CITY DUST DEVILS
05/03/2042
 
TOP OF THE 1ST
Spokane Indians batting - Pitching for Tri-City Dust Devils : RHP Luis Palácios
Pitching: RHP Luis Palácios
Batting: RHB Israel Díaz 0-0: Ball
1-0: Foul Ball, location: 2F
1-1: Ball
2-1: DOUBLE (Groundball, 5L, EV 100.0 MPH)
Batting: LHB Jeff Rogers 0-0: Ball
1-0: Ground out 6-3 (Groundball, 6, EV 82.5 MPH)
Israel Díaz to third
Batting: SHB Ken Webb 0-0: Ball
1-0: Ball
2-0: Ball
3-0: Base on Balls
Batting: RHB Don McFarland 0-0: Fly out, F9 (Flyball, 9LM, EV 90.6 MPH)
Runner from 3rd tags up, SCORES, no throw by RF
Batting: RHB Mario Guzmán 0-0: Ball
Ken Webb is caught stealing 2nd base 2-4
Top of the 1st over - 1 run, 1 hit, 0 errors, 0 left on base; Spokane 1 - Tri-City 0
BOTTOM OF THE 1ST
Tri-City Dust Devils batting - Pitching for Spokane Indians : RHP Ernesto Ramírez
Pitching: RHP Ernesto Ramírez
Batting: RHB Augusto Serna 0-0: Ball
1-0: Foul Ball, location: 9LSF
1-1: Ball
2-1: TRIPLE (Flyball, 89XD, EV 89.4 MPH)
Batting: RHB Bill Swerdlow 0-0: Called Strike
0-1: Ball
1-1: Ball
2-1: Ball
3-1: SINGLE (Groundball, 34D, EV 95.0 MPH)
Augusto Serna scores
Batting: SHB Luis Medina 0-0: Called Strike
0-1: Called Strike
0-2: Ball
1-2: Foul Ball, location: 7LSF
1-2: Ball
2-2: Ball
3-2: Base on Balls
Bill Swerdlow to second
Batting: RHB Jorge Gonzáles 0-0: Called Strike
0-1: Called Strike
0-2: Strikes out swinging
Batting: RHB Wilson Bravo 0-0: Ball
1-0: Ball
2-0: Foul Ball, location: 25F
2-1: Fly out, F2 (Popup, 2RF, EV 92.5 MPH)
Batting: RHB António Sepúlveda 0-0: Ball
Wild Pitch!
Bill Swerdlow to third
Luis Medina to second
1-0: 3-RUN HOME RUN (Flyball, 78XD, EV 101.3 MPH), Distance : 401 ft
Batting: RHB Andy Branch 0-0: Ball
1-0: Swinging Strike
1-1: Ball
2-1: Ball
3-1: Base on Balls
Batting: RHB Luis Jiménez 0-0: 2-RUN HOME RUN (Flyball, 7D, EV 100.0 MPH), Distance : 362 ft
Batting: RHB Gene Bryant 0-0: SINGLE (Groundball, 4MS, EV 77.5 MPH) (infield hit)
Pitching: RHP Juan Hernández
Batting: RHB Augusto Serna 0-0: SINGLE (Groundball, 34D, EV 96.9 MPH)
Gene Bryant to second
Runner from 2nd tries for 3rd, SAFE, throw by RF made to third
Augusto Serna to second
Batting: RHB Bill Swerdlow 0-0: Swinging Strike
0-1: Ball
1-1: Ball
2-1: Ball
3-1: Base on Balls
Batting: SHB Luis Medina 0-0: Ball
1-0: Ball
2-0: Ball
3-0: Base on Balls
Gene Bryant scores
Augusto Serna to third
Bill Swerdlow to second
Batting: RHB Jorge Gonzáles 0-0: Called Strike
0-1: Ball
1-1: Ground out 6-3 (Groundball, 6MD, EV 95.0 MPH)
Bottom of the 1st over - 7 runs, 6 hits, 0 errors, 3 left on base; Spokane 1 - Tri-City 7
TOP OF THE 2ND
Spokane Indians batting - Pitching for Tri-City Dust Devils : RHP Luis Palácios
Batting: RHB Mario Guzmán 0-0: Called Strike
0-1: Swinging Strike
0-2: Strikes out swinging
Batting: RHB Norberto Rivera 0-0: Foul Ball, location: 2F
0-1: Swinging Strike
0-2: Ball
1-2: Ball
2-2: Strikes out swinging
Batting: RHB Greg Price 0-0: Foul Ball, location: 9LSF
0-1: Ball
1-1: Swinging Strike
1-2: Ball
2-2: Strikes out looking
Top of the 2nd over - 0 runs, 0 hits, 0 errors, 0 left on base; Spokane 1 - Tri-City 7
BOTTOM OF THE 2ND
Tri-City Dust Devils batting - Pitching for Spokane Indians : RHP Juan Hernández
Batting: RHB Wilson Bravo 0-0: Ball
1-0: Fly out, F8 (Flyball, 8RD, EV 87.5 MPH)
Batting: RHB António Sepúlveda 0-0: Ball
1-0: Ball
2-0: Ball
3-0: Base on Balls
Batting: RHB Andy Branch 0-0: Ball
1-0: Ball
2-0: Swinging Strike
2-1: Ball
3-1: Base on Balls
António Sepúlveda to second
Batting: RHB Luis Jiménez 0-0: Fly out, F9 (Flyball, 9D, EV 94.4 MPH)
Runner from 2nd tags up, SAFE at 3rd, no throw by RF
Batting: RHB Gene Bryant 0-0: Ball
1-0: Ball
2-0: Foul Ball, location: 2F
2-1: DOUBLE (Flyball, 78D, EV 94.4 MPH)
António Sepúlveda scores
Andy Branch to third
Runner from 3rd tries for Home, SAFE, throw by CF to home
Batting: RHB Augusto Serna 0-0: Called Strike
0-1: Foul Ball, location: 2F
0-2: Ball
1-2: Foul Ball, location: 23FF
1-2: DOUBLE (Flyball, 78D, EV 95.0 MPH)
Gene Bryant scores
Batting: RHB Bill Swerdlow 0-0: DOUBLE (Flyball, 89XD, EV 106.3 MPH)
Augusto Serna scores
Batting: SHB Luis Medina 0-0: Ball
1-0: SINGLE (Groundball, P, EV 82.5 MPH) (infield hit)
Bill Swerdlow to third
Batting: RHB Jorge Gonzáles 0-0: Ball
1-0: Called Strike
1-1: Reached on error, E4 (Groundball, 4, EV 87.5 MPH)
Bill Swerdlow scores
Luis Medina to third
Pitching: RHP Alfredo Bravo
Batting: RHB Wilson Bravo 0-0: Foul Ball, location: 7LSF
0-1: Foul Ball, location: 3FF
0-2: Ball
1-2: Fly out, F4 (Popup, 13, EV 79.4 MPH)
Bottom of the 2nd over - 5 runs, 4 hits, 1 error, 2 left on base; Spokane 1 - Tri-City 12
TOP OF THE 3RD
Spokane Indians batting - Pitching for Tri-City Dust Devils : RHP Luis Palácios
Batting: RHB José López 0-0: Ball
1-0: Ball
2-0: Called Strike
2-1: Ball
3-1: Base on Balls
Batting: SHB Jerry Clifton 0-0: Ball
1-0: Swinging Strike
1-1: Ball
2-1: Ball
3-1: Base on Balls
José López to second
Batting: RHB Israel Díaz 0-0: Called Strike
0-1: Called Strike
0-2: Strikes out swinging
Batting: LHB Jeff Rogers 0-0: Called Strike
0-1: Called Strike
0-2: Ball
1-2: Strikes out swinging
Batting: SHB Ken Webb 0-0: Ball
1-0: Called Strike
1-1: Ball
2-1: Ball
3-1: Base on Balls
José López to third
Jerry Clifton to second
Batting: RHB Don McFarland 0-0: Called Strike
0-1: Swinging Strike
0-2: Ball
1-2: Strikes out swinging
Top of the 3rd over - 0 runs, 0 hits, 0 errors, 3 left on base; Spokane 1 - Tri-City 12
BOTTOM OF THE 3RD
Tri-City Dust Devils batting - Pitching for Spokane Indians : RHP Alfredo Bravo
Batting: RHB António Sepúlveda 0-0: SINGLE (Line Drive, 6MD, EV 99.4 MPH)
Batting: RHB Andy Branch 0-0: Swinging Strike
0-1: Called Strike
0-2: Ball
1-2: Ball
Wild Pitch!
António Sepúlveda to second
2-2: Hit by Pitch
Batting: RHB Luis Jiménez 0-0: Ball
1-0: Called Strike
1-1: Foul Ball, location: 2F
1-2: Strikes out swinging
Batting: RHB Gene Bryant 0-0: TRIPLE (Flyball, 78XD, EV 99.4 MPH)
António Sepúlveda scores
Andy Branch scores
Batting: RHB Augusto Serna 0-0: Ball
1-0: Ball
2-0: Ball
3-0: Base on Balls
Batting: RHB Bill Swerdlow 0-0: Foul Ball, location: 9LMF
0-1: SINGLE (Line Drive, 7S, EV 106.9 MPH)
Gene Bryant scores
Augusto Serna to second
Batting: SHB Luis Medina 0-0: Ball
1-0: Ball
2-0: Called Strike
2-1: SINGLE (Line Drive, 6D, EV 98.8 MPH)
Augusto Serna to third
Bill Swerdlow to second
Batting: RHB Jorge Gonzáles 0-0: Called Strike
0-1: Ball
1-1: Foul Ball, location: 3DF
1-2: Ball
2-2: SINGLE (Groundball, 6S, EV 64.4 MPH) (infield hit)
Augusto Serna scores
Bill Swerdlow to third
Luis Medina to second
Pitching: LHP Sergio Huerta
Batting: RHB Wilson Bravo 0-0: Ball
1-0: Ball
2-0: Ball
3-0: Called Strike
3-1: Base on Balls
Bill Swerdlow scores
Luis Medina to third
Jorge Gonzáles to second
Batting: RHB António Sepúlveda 0-0: Ball
1-0: Called Strike
1-1: Grounds into double play, 5-4-3 (Groundball, 5, EV 86.3 MPH)
Bottom of the 3rd over - 5 runs, 5 hits, 0 errors, 2 left on base; Spokane 1 - Tri-City 17
TOP OF THE 4TH
Spokane Indians batting - Pitching for Tri-City Dust Devils : RHP Luis Palácios
Batting: RHB Mario Guzmán 0-0: Swinging Strike
0-1: Foul Ball, location: 5FF
0-2: Ball
1-2: Strikes out swinging
Batting: RHB Norberto Rivera 0-0: Called Strike
0-1: Ball
1-1: Ball
2-1: Foul Ball, location: 9LDF
2-2: Fly out, F8 (Line Drive, 8LD, EV 93.1 MPH)
Batting: RHB Greg Price 0-0: Ball
1-0: Called Strike
1-1: Ball
2-1: Swinging Strike
2-2: Ball
3-2: Strikes out looking
Top of the 4th over - 0 runs, 0 hits, 0 errors, 0 left on base; Spokane 1 - Tri-City 17
BOTTOM OF THE 4TH
Tri-City Dust Devils batting - Pitching for Spokane Indians : LHP Sergio Huerta
Batting: RHB Andy Branch 0-0: Ball
1-0: Ball
2-0: Called Strike
2-1: SINGLE (Line Drive, 89S, EV 111.3 MPH)
Batting: RHB Luis Jiménez 0-0: Ball
1-0: Foul Ball, location: 2F
1-1: Grounds into double play, 6-4-3 (Groundball, 6, EV 78.1 MPH)
Batting: RHB Gene Bryant 0-0: Swinging Strike
0-1: Fly out, F8 (Flyball, 8LD, EV 111.3 MPH)
Bottom of the 4th over - 0 runs, 1 hit, 0 errors, 0 left on base; Spokane 1 - Tri-City 17
TOP OF THE 5TH
Spokane Indians batting - Pitching for Tri-City Dust Devils : RHP Luis Palácios
Batting: RHB José López 0-0: Ball
1-0: Ball
2-0: Ball
3-0: Called Strike
3-1: Base on Balls
Batting: SHB Jerry Clifton 0-0: Called Strike
José López steals 2nd base
0-1: Ball
1-1: Ball
2-1: Swinging Strike
2-2: Foul Ball, location: 23FF
2-2: Strikes out swinging
Batting: RHB Israel Díaz 0-0: Ball
1-0: Ball
2-0: Foul Ball, location: 2F
2-1: Fly out, F8 (Flyball, 8LM, EV 85.0 MPH)
Batting: LHB Jeff Rogers 0-0: Ball
1-0: Ball
2-0: Fly out, F7 (Flyball, 78M, EV 84.4 MPH)
Top of the 5th over - 0 runs, 0 hits, 0 errors, 1 left on base; Spokane 1 - Tri-City 17
BOTTOM OF THE 5TH
Tri-City Dust Devils batting - Pitching for Spokane Indians : LHP Sergio Huerta
Batting: RHB Augusto Serna 0-0: Called Strike
0-1: Ball
1-1: Ground out 4-3 (Groundball, 4, EV 88.8 MPH)
Batting: RHB Bill Swerdlow 0-0: Called Strike
0-1: Ball
1-1: Ball
2-1: Foul Ball, location: 2F
2-2: Ball
3-2: Base on Balls
Batting: SHB Luis Medina 0-0: Ball
1-0: Ball
2-0: Foul Ball, location: 2F
2-1: Foul Ball, location: 9LSF
2-2: Foul Ball, location: 3F
2-2: Ball
3-2: Ground out 6-3 (Groundball, 6MD, EV 110.6 MPH)
Bill Swerdlow to second
Batting: RHB Jorge Gonzáles 0-0: Ball
1-0: Foul Ball, location: 7LDF
1-1: Fly out, F8 (Flyball, 8RXD, EV 82.5 MPH)
Bottom of the 5th over - 0 runs, 0 hits, 0 errors, 1 left on base; Spokane 1 - Tri-City 17
TOP OF THE 6TH
Spokane Indians batting - Pitching for Tri-City Dust Devils : RHP Luis Palácios
Batting: SHB Ken Webb 0-0: Ball
1-0: Ball
2-0: Foul Ball, location: 2RF
2-1: Swinging Strike
2-2: Strikes out swinging
Batting: RHB Don McFarland 0-0: Called Strike
0-1: Ball
1-1: Ball
2-1: Foul Ball, location: 2F
2-2: SINGLE (Line Drive, 7LS, EV 108.8 MPH)
Batting: RHB Mario Guzmán 0-0: Swinging Strike
0-1: Swinging Strike
0-2: Foul Ball, location: 25F
0-2: Ball
1-2: Strikes out swinging
Pitching: RHP Steve Wade
Batting: RHB Norberto Rivera 0-0: Called Strike
0-1: Called Strike
0-2: Ball
1-2: Fly out, F3 (Popup, 3SF, EV 70.6 MPH)
Top of the 6th over - 0 runs, 1 hit, 0 errors, 1 left on base; Spokane 1 - Tri-City 17
BOTTOM OF THE 6TH
Tri-City Dust Devils batting - Pitching for Spokane Indians : LHP Sergio Huerta
Batting: RHB Wilson Bravo 0-0: Ball
1-0: Ball
2-0: Foul Ball, location: 9LSFF
2-1: Ball
3-1: Base on Balls
Batting: RHB António Sepúlveda 0-0: Ball
1-0: Ball
2-0: Swinging Strike
2-1: Foul Ball, location: 5F
2-2: Fly out, F3 (Popup, 34, EV 60.0 MPH)
Batting: RHB Andy Branch 0-0: Ball
1-0: Ball
2-0: Called Strike
2-1: Swinging Strike
2-2: Fly out, F8 (Flyball, 8LM, EV 96.3 MPH)
Batting: RHB Luis Jiménez 0-0: Fly out, F7 (Flyball, 7S, EV 90.6 MPH)
Bottom of the 6th over - 0 runs, 0 hits, 0 errors, 1 left on base; Spokane 1 - Tri-City 17
TOP OF THE 7TH
Spokane Indians batting - Pitching for Tri-City Dust Devils : RHP Steve Wade
Batting: RHB Greg Price 0-0: Called Strike
0-1: Called Strike
0-2: Strikes out swinging
Batting: RHB José López 0-0: Called Strike
0-1: Ball
1-1: Ball
2-1: Swinging Strike
2-2: Strikes out swinging
Batting: SHB Jerry Clifton 0-0: Called Strike
0-1: Called Strike
0-2: Ball
1-2: Fly out, F6 (Popup, 6S, EV 75.0 MPH)
Top of the 7th over - 0 runs, 0 hits, 0 errors, 0 left on base; Spokane 1 - Tri-City 17
BOTTOM OF THE 7TH
Tri-City Dust Devils batting - Pitching for Spokane Indians : LHP Sergio Huerta
Batting: RHB Gene Bryant 0-0: Ball
1-0: Called Strike
1-1: Ball
2-1: Hit by Pitch
Pinch Hitting: RHB Andy Boone 0-0: Foul Ball, location: 9LMF
0-1: Ball
1-1: Called Strike
1-2: Foul Ball, location: 7LSF
1-2: Ball
2-2: Ball
3-2: Foul Ball, location: 7LMF
3-2: Foul Ball, location: 3F
3-2: Base on Balls
Gene Bryant to second
Pitching: RHP Bubba Steele
Pinch Hitting: RHB Bob O'Bronagham 0-0: Called Strike
0-1: Called Strike
0-2: DOUBLE (Line Drive, 89D, EV 105.0 MPH)
Gene Bryant scores
Andy Boone to third
Batting: SHB Luis Medina 0-0: Foul Ball, location: 3F
0-1: Called Strike
0-2: Strikes out looking
Batting: RHB Jorge Gonzáles 0-0: Called Strike
0-1: Called Strike
0-2: Foul Ball, location: 2F
0-2: Ball
1-2: Ground out 6-3 (Groundball, 6S, EV 98.8 MPH)
Andy Boone scores
Pinch Hitting: RHB Otojiro Kohara 0-0: Ground out 4-3 (Groundball, 34, EV 88.1 MPH)
Bottom of the 7th over - 2 runs, 1 hit, 0 errors, 1 left on base; Spokane 1 - Tri-City 19
TOP OF THE 8TH
Spokane Indians batting - Pitching for Tri-City Dust Devils : RHP Steve Wade
Now at 1B: Bob O'Bronagham
Now at 2B: Eric Goodman
Now at 3B: Andy Boone
Batting: RHB Israel Díaz 0-0: Swinging Strike
0-1: Called Strike
0-2: Ball
1-2: Foul Ball, location: 5F
1-2: Strikes out swinging, 2-3 out at first.
Pinch Hitting: RHB Dave Hankins 0-0: Ball
1-0: Ball
2-0: Called Strike
2-1: Swinging Strike
2-2: Foul Ball, location: 9LDF
2-2: Foul Ball, location: 25F
2-2: Ball
3-2: Strikes out swinging, 2-3 out at first.
Pinch Hitting: RHB Jake Summers 0-0: Ball
1-0: Swinging Strike
1-1: Ball
2-1: Foul Ball, location: 2F
2-2: Foul Ball, location: 3DF
2-2: Strikes out swinging
Top of the 8th over - 0 runs, 0 hits, 0 errors, 0 left on base; Spokane 1 - Tri-City 19
BOTTOM OF THE 8TH
Tri-City Dust Devils batting - Pitching for Spokane Indians : RHP Bubba Steele
Now at 1B: Danny Nolan
Now in LF: Dave Hankins
Batting: RHB António Sepúlveda 0-0: Ball
1-0: Called Strike
1-1: Called Strike
1-2: Ball
2-2: Ball
3-2: Base on Balls
Batting: RHB Andy Branch 0-0: Fly out, F9 (Flyball, 9S, EV 95.6 MPH)
Batting: RHB Luis Jiménez 0-0: Ball
1-0: Swinging Strike
1-1: Fly out, F7 (Flyball, 7D, EV 103.8 MPH)
Batting: RHB Gene Bryant 0-0: Called Strike
0-1: Ball
1-1: Called Strike
1-2: Strikes out looking
Bottom of the 8th over - 0 runs, 0 hits, 0 errors, 1 left on base; Spokane 1 - Tri-City 19
TOP OF THE 9TH
Spokane Indians batting - Pitching for Tri-City Dust Devils : RHP Steve Wade
Batting: RHB Don McFarland 0-0: Ball
1-0: Ball
2-0: Ball
3-0: Called Strike
3-1: Base on Balls
Pinch Hitting: LHB José Ramírez 0-0: Ball
1-0: Ball
2-0: Ball
3-0: Called Strike
3-1: Called Strike
3-2: Foul Ball, location: 2RF
3-2: Grounds into double play, 4-6-3 (Groundball, 4, EV 90.0 MPH)
Pinch Hitting: LHB Rinaldo Caruso 0-0: Ball
1-0: Ball
2-0: Called Strike
2-1: Ball
3-1: Swinging Strike
3-2: Fly out, F3 (Popup, 3F, EV 65.6 MPH)
Top of the 9th over - 0 runs, 0 hits, 0 errors, 0 left on base; Spokane 1 - Tri-City 19
Wednesday, May 1st , 2024 - OOTP Baseball 24.10 Build 82